 Dungeon Crawl Stone Soup version 0.31-a0-234-gad7ace16ef (webtiles) character file.

Game seed: 4337263355593518333

16 qw the Shooter (level 2, -1/24 HPs)
             Began as a Minotaur Hexslinger on July 9, 2023.
             Frozen to death by an endoplasm (2 damage)
             ... on level 1 of the Dungeon.
             The game lasted 00:00:08 (226 turns).

qw the Shooter (Minotaur Hexslinger)                 Turns: 226, Time: 00:00:09

Health: -1/24      AC:  2    Str: 12    XL:     2   Next: 41%
Magic:  2/2        EV: 12    Int: 10    God:
Gold:   21         SH:  0    Dex: 12    Spells: 2/3 levels left

rFire   . . .        a - +1 sling
rCold   . . .        (no shield)
rNeg    . . .        c - +0 robe
rPois   .            (helmet restricted)
rElec   .            (no cloak)
rCorr   .            (no gloves)
SInv    .            (no boots)
Will    .....        (no amulet)
Stlth   +            (no ring)
HPRegen 0.24/turn    (no ring)
MPRegen 0.08/turn

%: no passive effects
@: no status effects
A: horns 2, retaliatory headbutt
a: no special abilities


You were on level 1 of the Dungeon.
You visited 1 branch of the dungeon, and saw 1 of its levels.

You collected 21 gold pieces.


Innate Abilities, Weirdness & Mutations

You have a pair of horns on your head.
You reflexively headbutt those who attack you in melee.


   Skills:
 - Level 2.1 Fighting
 + Level 3.0 Ranged Weapons
 - Level 2.1 Dodging
 - Level 1.0 Spellcasting
 - Level 2.0 Hexes


You had 2 spell levels left.
You knew the following spells:

 Your Spells              Type           Power      Damage    Failure   Level
a - Slow                  Hex            16%        N/A       16%         1

Your spell library contained the following spells:

 Spells                   Type           Power      Damage    Failure   Level
 Inner Flame              Hex/Fire       2%         N/A       56%         3
 Portal Projectile        Hex/Tloc       4%         N/A       56%         3
 Cause Fear               Hex            2%         N/A       83%         4

Inventory:

Hand Weapons
 a - a +1 sling (weapon)
Armour
 c - a +0 robe (worn)
 e - a +0 pair of gloves
Scrolls
 b - a scroll of poison
 d - 2 scrolls of identify {unknown}

Dungeon Overview and Level Annotations

Branches:
Dungeon (1/15)

Altars:


Message History

The sling bullet closely misses the giant cockroach.
The sling bullet barely misses the kobold.
The giant cockroach closely misses you. The giant cockroach misses you.
You shoot a sling bullet.
The sling bullet hits the giant cockroach.
The giant cockroach is severely wounded.
The giant cockroach barely misses you. The kobold hits you but does no damage.
You shoot a sling bullet.
The sling bullet hits the giant cockroach.
You kill the giant cockroach!
The kobold misses you. The kobold barely misses you.
Your Fighting skill increases to level 2!
You shoot a sling bullet. The sling bullet hits the kobold.
You kill the kobold!
You shoot a sling bullet.
The sling bullet hits the dart slug but does no damage.
The dart slug is lightly wounded.
The endoplasm freezes you.
You are frozen.
The dart slug launches a dart at you. The slug dart hits you.
You shoot a sling bullet. The sling bullet hits the dart slug.
The dart slug is heavily wounded.
The endoplasm freezes you.
You are frozen.
The dart slug launches a dart at you. The slug dart hits you.
You shoot a sling bullet.
The sling bullet hits the dart slug but does no damage.
The dart slug is heavily wounded.
The endoplasm hits you. The dart slug launches a dart at you.
The slug dart hits you. The endoplasm freezes you.
You are frozen.
You shoot a sling bullet. The sling bullet hits the dart slug.
The dart slug is almost dead.
The endoplasm freezes you.
You are frozen.
You die...

.. #...# #. #...#
%##...# #.#...# #####
.####.....#.....##
..........#....... .
......)w..#......# #
#..J@..#.....)## ####
###+#..).......# #.##
#.##.........# #.##
#.##.........# #.##
###.###.#.###..###.##
#....................
###.......###........
#...###.#####..###...
#..............###...


You could see a dart slug and an endoplasm.

Vanquished Creatures
  A ball python (D:1)
  An endoplasm (D:1)
  3 giant cockroaches (D:1)
  A goblin (D:1)
  A hobgoblin (D:1)
  2 quokkas (D:1)
  A frilled lizard (D:1)
  3 kobolds (D:1)
  A rat (D:1)
14 creatures vanquished.

Notes
Turn   | Place    | Note
-------+----------+-------------------------------------------
     0 | D:1      | qw the Minotaur Hexslinger began the quest for the Orb.
     0 | D:1      | Reached XP level 1. HP: 16/16 MP: 1/1
     0 | D:1      | 0 ||| qw: Version: 0.3-a-51-g015441d
     0 | D:1      | 0 ||| qw: Game counter: 4321
     0 | D:1      | 0 ||| qw: Melee chars always use a shield: true
     0 | D:1      | 0 ||| qw: God list: Okawaru
     0 | D:1      | 0 ||| qw: Allow faded altars: false
     0 | D:1      | 0 ||| qw: Do Orc after clearing Dungeon:15 true
     0 | D:1      | 0 ||| qw: Do second Lair branch before Depths: true
     0 | D:1      | 0 ||| qw: Lair rune preference: random
     0 | D:1      | 0 ||| qw: Goals: Normal
     0 | D:1      | 0 ||| PLANNING D:1-11
   127 | D:1      | Reached skill level 3 in Ranged Weapons
   130 | D:1      | Reached XP level 2. HP: 23/23 MP: 2/2
   225 | D:1      | HP: 2/24 [dart slug/slug dart (6)]
   226 | D:1      | Frozen to death by an endoplasm

Levels and vault maps discovered:
D:1:      dpeg_arrival_pits, layout_basic, chequers_hall_statues_wall_a,
          minmay_stone_trees_medium, minmay_hexomino_f4

Skill      XL: |  1  2 |
---------------+-------+-----
Ranged Weapons | 3 |  3.0
Fighting       | 2 |  2.1
Dodging        | |  2.1
Spellcasting   | |  1.0
Hexes          | |  2.0

Action                     || total
---------------------------++-------
   Fire: Sling             ||    43
 Armour: Robe              ||     2
  Dodge: Dodged            ||    10

Table legend:
 A = Non-vault XP
 B = Vault XP
 C = Vault XP percentage of total XP
 D = Non-vault monster count
 E = Vault monster count
 F = Vault count percentage of total count
                 A         B        C        D         E       F
            +---------+---------+-------+---------+---------+-------
      Total |      20 |       4 |  16.7 |      11 |       3 |  21.4
            +---------+---------+-------+---------+---------+-------
        D:1 |      20 |       4 |  16.7 |      11 |       3 |  21.4
            +---------+---------+-------+---------+---------+-------
